 Dungeon Crawl Stone Soup version 0.32-a0-391-gce5c0aab1b (webtiles) character file.

Game seed: 3453081700286227624

2011 Aldia the Cutter (level 9, 0/69 HPs)
             Began as a Coglin Warper on Feb 19, 2024.
             Was a Follower of Okawaru.
             Slain by a wight
             ... wielding a +4 spear of freezing
              (3 damage)
             ... on level 6 of the Dungeon.
             The game lasted 00:18:51 (4519 turns).

Aldia the Cutter (Coglin Warper)                    Turns: 4519, Time: 00:18:53

Health: 0/69       AC:  8    Str: 12    XL:     9   Next: 22%
Magic:  12/12      EV: 13    Int: 13    God:    Okawaru [*.....]
Gold:   117        SH:  0    Dex: 17    Spells: 10/12 levels left

rFire   . . .        n - +2 short sword (elec) {Haeun}
rCold   + . .        y - +2 dagger (vamp) {Olga}
rNeg    . . .        C - +3 leather armour {rC+}
rPois   .            A - +0 helmet
rElec   .            (no cloak)
rCorr   .            (no gloves)
SInv    .            z - +0 pair of boots
Will    .....        l - amulet of magic regeneration
Stlth   +            k - ring of wizardry
HPRegen 0.31/turn    s - +4 ring of slaying
MPRegen 0.53/turn

%: wizardry (x1)
@: revved
A: off-hand wielding, slow wielding, warmup strikes, warmup strides
a: Renounce Religion, Heroism


You were on level 6 of the Dungeon.
You worshipped Okawaru.
Okawaru was aware of your devotion.
You visited 2 branches of the dungeon, and saw 7 of its levels.

You collected 377 gold pieces.
You spent 260 gold pieces at shops.

Inventory:

Hand Weapons
 a - a +0 falchion {Nakurtum}
 n - a +2 short sword of electrocution (weapon) {Haeun}
 y - a +2 vampiric dagger (worn) {Olga}
 E - a +0 long sword {Kiyoto}
 G - a +0 dagger of venom {Fatehjeet}
Missiles
 d - 7 darts of dispersal (quivered)
 o - 2 poisoned darts
 B - 3 atropa-tipped darts
Armour
 b - a +0 leather armour
 h - a +1 hat
 v - a +0 ring mail
 w - a +0 scale mail
 x - the +2 robe "Boynos" {Will- Str-3 SInv Archmagi}
   (You found it on level 3 of the Dungeon)

   Str-3:     It affects your strength (-3).
   Will-:     It decreases your willpower.
   SInv:      It lets you see invisible.
   Archmagi:  It increases the power of your magical spells.
 z - a +0 pair of boots (worn)
 A - a +0 helmet (worn)
 C - a +3 leather armour of cold resistance (worn)
Jewellery
 k - a ring of wizardry (left grasper)
 l - an amulet of magic regeneration (around neck)
 s - a +4 ring of slaying (right grasper)
 N - a ring of ice
Scrolls
 c - 2 scrolls of blinking
 e - a scroll of immolation {unknown}
 g - a scroll of amnesia {unknown}
 m - 2 scrolls of identify
 p - 4 scrolls of teleportation
 q - a scroll of vulnerability {unknown}
 D - a scroll of revelation {unknown}
 H - 2 scrolls of noise
 K - a scroll of enchant weapon {unknown}
 L - a scroll of fog {unknown}
 M - a scroll of poison {unknown}
Potions
 f - a potion of curing
 i - 2 potions of cancellation
 j - 3 potions of heal wounds
 r - 2 potions of lignification
 t - 2 potions of magic
 u - a potion of haste {unknown}
 F - a potion of might {unknown}
 I - a potion of enlightenment
 J - 3 potions of attraction {unknown}


   Skills:
 + Level 6.0 Fighting
 * Level 6.4(7.0) Short Blades
 - Level 4.6(6.5) Long Blades
 - Level 0.8 Throwing
 - Level 1.0 Armour
 + Level 4.3 Dodging
 - Level 2.0 Spellcasting
 - Level 4.0 Translocations
 + Level 2.0 Invocations


You had 10 spell levels left.
You knew the following spells:

 Your Spells              Type           Power      Damage    Failure   Level
a - Blink                 Tloc           22%        N/A       4%          2

Your spell library contained the following spells:

 Spells                   Type           Power      Damage    Failure   Level
 Lesser Beckoning         Tloc           22%        N/A       4%          2
 Gell's Gravitas          Tloc           11%        N/A       8%          3
 Teleport Other           Tloc           11%        N/A       8%          3
 Magic Dart               Conj           4%         1d3       13%         1
 Necrotise                Necr           4%         1d4       13%         1
 Sublimation of Blood     Necr           1%         N/A       19%         2
 Manifold Assault         Tloc           11%        N/A       24%         4
 Vampiric Draining        Necr           1%         2d6       34%         3
 Dimensional Bullseye     Hex/Tloc       3%         N/A       45%         4
 Iskenderun's Mystic Bla  Conj/Tloc      6%         2d4       45%         4
 Vhi's Electric Charge    Tloc/Air       12%        N/A       45%         4
 Curse of Agony           Necr           1%         N/A       96%         5
 Conjure Ball Lightning   Conj/Air       0%         3x3d6     100%        6
 Ozocubu's Refrigeration  Ice            0%         4d7       100%        7
 Discord                  Hex            0%         N/A       100%        8
 Disjunction              Tloc           5%         N/A       100%        8
 Polar Vortex             Ice            0%         N/A       100%        9
 Call Imp                 Summ           Unusable   N/A       N/A         2
 Tukima's Dance           Hex            Unusable   N/A       N/A         3
 Martyr's Knell           Necr/Summ      Unusable   N/A       N/A         4
 Sculpt Simulacrum        Ice/Alch       Unusable   N/A       N/A         6
 Summon Hydra             Summ           Unusable   N/A       N/A         7

Dungeon Overview and Level Annotations

Branches:
Dungeon (6/15)             Temple (1/1) D:5

Altars:
Dithmenos
Elyvilon
Fedhas
Gozag
Hepliaklqana
Kikubaaqudgha
Okawaru
Sif Muna
Uskayaw
Vehumet
Yredelemnul
The Shining One

Shops:
D:2 *   D:3 (   D:4 *   D:5 *

Annotations:
D:5 2 transporters, zenocrate's ghost, weakling MiDe


Innate Abilities, Weirdness & Mutations

You can wield a second weapon in your off-hand.
It takes a long time for you to wield or remove held weapons.
Your first few attacks do less damage.
Your first movements take longer.


Message History

You kill the orc wizard!
Okawaru accepts your kill.
The wight hits you from afar with a +4 spear of freezing.
The wight freezes you.
Unknown command.
Unknown command.
You closely miss the orc with your +2 short sword of electrocution.
You hit the orc with your +2 vampiric dagger.
You puncture the orc with your +2 short sword of electrocution!
You kill the orc!
Okawaru accepts your kill. The wight barely misses you.
The wight zaps a wand.
The bolt of dispelling energy misses you.
Your life force feels restored.
Unknown command.
You aren't carrying any items that you can evoke.
You barely miss the wight with your +2 short sword of electrocution.
You puncture the wight with your +2 vampiric dagger!
You hit the wight with your +2 short sword of electrocution.
The wight is severely damaged.
You hit the wight but do no damage. The wight hits you with a +5 hand axe!
You feel drained.
You closely miss the wight with your +2 short sword of electrocution.
The wight is severely damaged.
You hit the wight with your +2 vampiric dagger.
The wight completely misses you.
You hit the wight with your +2 vampiric dagger.
The wight is almost destroyed.
You puncture the wight with your +2 short sword of electrocution!
You destroy the wight!
Okawaru accepts your kill.
Your life force feels restored.
Your Invocations skill increases to level 2!
The wight hits you from afar with a +4 spear of freezing!
The wight freezes you. The wight hits you with a +0 hand axe!
The wight zaps a wand.
The bolt of dispelling energy hits you!!
* * * LOW HITPOINT WARNING * * *
The wight hits you from afar with a +4 spear of freezing.
You die...

........##......#
........##......#
........##......# .
##.#######......# ..
##.# #......# ... ...#
#......# .... ####
#......# ..... ##
#......##o.....
.##############.@zz....?
.....#..........##o.....
####...........## .....
###.........# ####
#.........# #.........#
#.........# #.........#
###########


You could see 2 wights and 2 orcs.

Vanquished Creatures
  Sigmund (D:5)
  Eustachio (D:4)
  Duvessa (D:4)
  3 ice beasts
  A black bear (D:6)
  An ogre (D:6)
  A phantom (D:6)
  2 bullfrogs (D:6)
  A scorpion (D:5)
  A wight (D:6)
  Dowan (D:4)
  3 bombardier beetles
  7 hounds (D:5)
  A jelly (D:6)
  An orc priest (D:5)
  A sleepcap (D:6)
  2 orc wizards
  5 iguanas
  A gnoll (D:5)
  5 adders
  2 white imps (D:5)
  5 ufetubi
  2 ribbon worms
  2 dart slugs
  9 orcs
  5 ball pythons
  10 bats
  3 endoplasms
  A giant cockroach (D:2)
  9 goblins
  4 hobgoblins
  2 quokkas (D:1)
  A frilled lizard (D:1)
  6 kobolds
  2 rats (D:3)
103 creatures vanquished.

Notes
Turn   | Place    | Note
-------+----------+-------------------------------------------
     0 | D:1      | Aldia the Coglin Warper began the quest for the Orb.
     0 | D:1      | Reached XP level 1. HP: 16/16 MP: 3/3
    48 | D:1      | Reached skill level 1 in Armour
   110 | D:1      | Reached XP level 2. HP: 15/22 MP: 4/4
   113 | D:1      | Learned a level 2 spell: Blink
   257 | D:1      | HP: 1/22 [goblin/+0 spear (5)]
   361 | D:1      | Reached XP level 3. HP: 27/27 MP: 5/5
   747 | D:2      | Found Huraym's Assorted Antiques.
   759 | D:2      | Bought a scroll labelled XOSTO TU EGUOT for 24 gold pieces
   759 | D:2      | Bought a viscous orange potion for 21 gold pieces
   759 | D:2      | Bought a scroll of identify for 48 gold pieces
   759 | D:2      | Bought a bubbling inky potion for 21 gold pieces
   845 | D:2      | Found a faded altar of an unknown god.
   920 | D:2      | Reached XP level 4. HP: 32/34 MP: 7/7
  1171 | D:2      | Found a glowing golden altar of the Shining One.
  1687 | D:3      | Found a transporter.
  1687 | D:3      | Found Yddifif's Antique Weapon Shop.
  1689 | D:3      | Found a transporter.
  1697 | D:3      | Identified the +2 robe "Boynos" {Will- Str-3 SInv Archmagi}
  1787 | D:3      | Reached XP level 5. HP: 39/39 MP: 8/8
  2070 | D:4      | Noticed Eustachio
  2083 | D:4      | Killed Eustachio
  2084 | D:4      | Reached XP level 6. HP: 19/47 MP: 9/9
  2243 | D:4      | Reached skill level 1 in Short Blades
  2444 | D:4      | Found Xolosoh's General Store.
  2452 | D:4      | Bought a scroll of teleportation for 42 gold pieces
  2452 | D:4      | Bought a scroll of noise for 14 gold pieces
  2452 | D:4      | Bought a potion of enlightenment for 70 gold pieces
  2816 | D:4      | Noticed Duvessa
  2817 | D:4      | Noticed Dowan
  2830 | D:4      | Killed Duvessa
  2831 | D:4      | Reached XP level 7. HP: 32/53 MP: 10/10
  2835 | D:4      | Killed Dowan
  2934 | D:5      | Entered Level 5 of the Dungeon
  2963 | D:5      | Noticed Sigmund
  2968 | D:5      | Killed Sigmund
  3042 | D:5      | Found a staircase to the Ecumenical Temple.
  3051 | Temple   | Entered the Ecumenical Temple
  3174 | D:5      | Reached XP level 8. HP: 61/61 MP: 11/11
  3277 | D:5      | Found a transporter.
  3333 | D:5      | Noticed zenocrate's ghost (weakling MiDe)
  3564 | D:5      | Reached skill level 5 in Fighting
  3580 | D:5      | Reached skill level 5 in Short Blades
  3682 | D:5      | Found Kuanuete's General Store.
  3690 | D:5      | Bought a scroll of identify for 20 gold pieces
  3725 | D:5      | Found a transporter.
  4179 | Temple   | Became a worshipper of Warmaster Okawaru
  4279 | D:6      | Reached skill level 1 in Invocations
  4304 | D:6      | Reached * piety under Okawaru
  4305 | D:6      | Reached XP level 9. HP: 69/69 MP: 12/12
  4519 | D:6      | HP: 3/69 [wight/bolt of dispelling energy (22)]
  4519 | D:6      | Slain by a wight

Illustrated notes

Levels and vault maps discovered:
D:1:      scummos_arrival_gate, layout_rooms, serial_glass, glass_columns_a,
          glass_columns_b
D:2:      layout_basic, shapermc_ecumenical_altar_gd, basic_altar, serial_shops,
          shop_coins
D:3:      layout_rooms, serial_shops, nicolae_shop_drivethru
D:4:      layout_gridville, serial_shops, shop, minmay_distorted,
          uniq_eustachio, uniq_duvessa
D:5:      minmay_diamond_boxcup, layout_basic, minmay_temple_entry_poolview,
          serial_shops, nicolae_shop_trees, gammafunk_ghost_stat_death,
          kennysheep_crisscross, feat_on_display, uniq_sigmund
D:6:      minmay_angry_zag, layout_rooms
Temple:   jpeg_temple_clearing

Skill      XL: |  1  2  3  4  5  6  7  8  9 |
---------------+----------------------------+-----
Armour         | 1 |  1.0
Dodging        | 2 3 4 |  4.3
Long Blades    | 3 4 |  4.6
Spellcasting   | 2 |  2.0
Fighting       | 3 4 5 6 |  6.0
Short Blades   | 2 3 6 |  6.4
Translocations | 4 |  4.0
Invocations    | 1 2 |  2.0
Throwing       | |  0.8

Action                     |  1- 3 |  4- 6 |  7- 9 || total
---------------------------+-------+-------+-------++-------
  Melee: Falchion          |    50 |    52 |       ||   102
         Dagger            |    34 |    82 |   141 ||   257
         Long sword        |       |     4 |       ||     4
         Short sword       |       |       |    82 ||    82
    Use: Scroll            |     4 |     1 |       ||     5
         Potion            |       |       |     1 ||     1
 Armour: Leather armour    |    44 |    17 |    72 ||   133
         Ring mail         |       |    30 |       ||    30
  Dodge: Dodged            |    42 |    69 |    51 ||   162

Table legend: (Time is in decaauts)
 A = Elapsed time spent in this place.
 B = Non-inter-level travel time spent in this place.
 C = Inter-level travel time spent in this place.
 D = Time resting spent in this place.
 E = Time spent auto-exploring this place.
 F = Levels seen in this place.
 G = Mean time per level.
                   A        B        C        D        E       F      G
               +--------+--------+--------+--------+--------+-----+--------+
         Total |   4703 |   4380 |    323 |     24 |   3338 |   7 |  671.9 |
       Dungeon |   4653 |   4367 |    286 |     24 |   3338 |   6 |  775.5 |
        Temple |     49 |     12 |     37 |      0 |      0 |   1 |   49.0 |
               +--------+--------+--------+--------+--------+-----+--------+

Top non-repeatable levels by time:
     D:5: 1232 daAuts
     D:2: 1033 daAuts
     D:4: 926 daAuts
     D:1: 617 daAuts
     D:3: 526 daAuts
     D:6: 317 daAuts
  Temple: 49 daAuts
